 Dungeon Crawl Stone Soup version 0.28-a0-991-g956f0ee3d5 (webtiles) character file.

Game seed: 1275992007840665892

85 voltaire321 the Digger (level 4, -6/28 HPs)
             Began as an Octopode Earth Elementalist on Dec 4, 2021.
             Killed from afar by a white imp (8 damage)
             ... with a puff of frost
             ... summoned by Natasha
             ... on level 2 of the Dungeon.
             The game lasted 00:03:27 (1685 turns).

voltaire321 the Digger (OpEE)                       Turns: 1685, Time: 00:03:28

Health: -6/28      AC:  1    Str: 13    XL:     4   Next: 48%
Magic:  1/7        EV: 13    Int: 17    God:
Gold:   88         SH:  0    Dex: 14    Spells: 6/7 levels left

rFire   . . .      SeeInvis .   c - +0 short sword
rCold   . . .      Faith    .   (no shield)
rNeg    . . .      Spirit   .   (helmet restricted)
rPois   .          Reflect  .   (no amulet)
rElec   .          Harm     .   f - +6 ring of strength
rCorr   .          Rampage  .   (no ring)
Will    .....                   (no ring)
Stlth   +++.......              (no ring)
HPRegen 0.09/turn               (no ring)
MPRegen 0.10/turn               (no ring)
                                (no ring)
                                (no ring)

@: no status effects
A: almost no armour, amphibious, 8 rings, camouflage 1, gelatinous body 1,
(nimble swimmer 1), tentacles
a: no special abilities


You were on level 2 of the Dungeon.
You visited 1 branch of the dungeon, and saw 2 of its levels.

You collected 88 gold pieces.

Inventory:

Hand Weapons
 c - a +0 short sword (weapon)
Missiles
 b - 86 stones
 e - 23 poisoned darts
Jewellery
 f - a +6 ring of strength (left tentacle)
Scrolls
 d - 2 scrolls of fear {unknown}
 g - a scroll of noise {unknown}
 h - a scroll of identify {unknown}
 i - a scroll of acquirement {unknown}
Potions
 a - a potion of might {unknown}


   Skills:
 + Level 1.3 Fighting
 + Level 2.6 Dodging
 - Level 2.6 Stealth
 + Level 1.2 Unarmed Combat
 + Level 2.4 Spellcasting
 + Level 1.8 Transmutations
 + Level 3.4 Earth Magic


You had 6 spell levels left.
You knew the following spells:

 Your Spells              Type           Power      Damage    Failure   Level
a - Sandblast             Erth           26%        2d8       4%          1

Your spell library contained the following spells:

 Spells                   Type           Power      Damage    Failure   Level
 Passwall                 Tmut/Erth      8%         N/A       10%         2
 Stone Arrow              Conj/Erth      14%        3d7       28%         3
 Dazzling Flash           Conj/Hex       4%         N/A       50%         3
 Petrify                  Tmut/Erth      10%        N/A       54%         4
 Agony                    Necr           2%         N/A       99%         5
 Silence                  Hex/Air        1%         N/A       99%         5


Dungeon Overview and Level Annotations

Branches:
Dungeon (2/15)

Altars:

Annotations:
D:2 Natasha


Innate Abilities, Weirdness & Mutations

You cannot wear most types of armour.
You are amphibious.
You can wear up to eight rings at the same time.
Your skin changes colour to match your surroundings (Stealth+).
Your rubbery body absorbs attacks. (AC +1, EV +1)
((You are camouflaged near water. (Stealth+)))
You have tentacles for arms and can constrict up to eight enemies at once.


Message History

Natasha casts a spell at you. The magic dart hits you!
The white imp gestures at you. The puff of frost hits you!
Casting: Sandblast (safe; 4% risk of failure)
Confirm with . or Enter, or press ? or * to list all spells.
Aiming: Sandblast (safe; 4% risk of failure)
Press: ? - help, Shift-Dir - straight line, f/p - Natasha
Aim: Natasha (lightly wounded, constricted by you, 95% to hit)
The blast of sand hits Natasha but does no damage.
Natasha is lightly wounded.
You constrict Natasha. Natasha casts a spell at you. The magic dart hits you!
* * * LOW HITPOINT WARNING * * *
The white imp misses you.
Casting: Sandblast (safe; 4% risk of failure)
Confirm with . or Enter, or press ? or * to list all spells.
Aiming: Sandblast (safe; 4% risk of failure)
Press: ? - help, Shift-Dir - straight line, f/p - Natasha
Aim: Natasha (moderately wounded, constricted by you, 95% to hit)
The blast of sand hits Natasha!
Natasha is severely wounded.
You constrict Natasha.
Natasha drinks a potion.
Natasha is healed!
The white imp grins evilly.
The white imp hits you.
* * * LOW HITPOINT WARNING * * *
The white imp freezes you.
* * * LOW HITPOINT WARNING * * *
Casting: Sandblast (safe; 4% risk of failure)
Confirm with . or Enter, or press ? or * to list all spells.
Aiming: Sandblast (safe; 4% risk of failure)
Press: ? - help, Shift-Dir - straight line, f/p - Natasha
Aim: Natasha (moderately wounded, constricted by you, 95% to hit)
The blast of sand hits Natasha!
Natasha is severely wounded.
You constrict Natasha. Natasha claws you but does no damage.
The white imp gestures at you. The puff of frost hits you!
You die...

#.#.......#.#.#..........#####.#
...##.##...#.............<.##.#
# #.#...#.#.#.####.##.##.##.##.#
..#.).#...#...#.................
#.#.#...#.#.#.####....##<##....#
#...##.##...#).# #.†..##.# #####
#.#.....÷.#.#.####.(.....#
..##)###.##...#5#.###.####
#...........#.#h@## ##.##
##.###.###.##...## ##.# ...
..........#..## ##.## .#
#.###.###.##.#.###.## . ... ###
####.##.#.## ... ##.####.###.##
.. ##...........# ...........###
########.#.#


You could see Natasha and a white imp (summoned).

Vanquished Creatures
  Natasha (twice) (D:2)
  A worm (D:2)
  2 ball pythons
  A bat (D:1)
  6 goblins
  5 hobgoblins
  3 quokkas
  2 frilled lizards
  5 kobolds
  3 rats
30 creatures vanquished.

Notes
Turn   | Place    | Note
-------+----------+-------------------------------------------
     0 | D:1      | voltaire321 the Octopode Earth Elementalist began the quest
                  | for the Orb.
     0 | D:1      | Reached XP level 1. HP: 11/11 MP: 3/3
   490 | D:1      | Reached XP level 2. HP: 18/18 MP: 5/5
  1136 | D:2      | Reached XP level 3. HP: 22/22 MP: 6/6
  1206 | D:2      | Noticed Natasha
  1214 | D:2      | Killed Natasha
  1215 | D:2      | Reached skill level 1 in Fighting
  1215 | D:2      | Reached skill level 1 in Unarmed Combat
  1567 | D:2      | Noticed Natasha
  1592 | D:2      | Killed Natasha
  1593 | D:2      | Reached XP level 4. HP: 25/28 MP: 2/7
  1676 | D:2      | Noticed Natasha
  1685 | D:2      | Killed from afar by a white imp

Illustrated notes

Levels and vault maps discovered:
D:1:      dpeg_arrival_concentric_ovals, layout_basic
D:2:      layout_loops_ring, nicolae_concentric_dashed_squares_wild,
          patterned_corridor, uniq_natasha, uniq_jessica

Skill      XL: |  1  2  3 |
---------------+----------+-----
Fighting       | 1 |  1.3
Unarmed Combat | 1 |  1.2
Dodging        | |  2.6
Stealth        | |  2.6
Spellcasting   | |  2.4
Transmutations | |  1.8
Earth Magic    | |  3.4

Action                   |  1- 3 |  4- 6 || total
-------------------------+-------+-------++-------
Melee: Unarmed           |     8 |       ||     8
       Short sword       |    53 |     1 ||    54
       Constrict         |    17 |     1 ||    18
       Tentacles         |     5 |       ||     5
 Cast: Sandblast         |     8 |     9 ||    17
 Stab: Sleeping          |     8 |       ||     8
Armor: Skin              |     5 |     1 ||     6
Dodge: Dodged            |    26 |     1 ||    27

Table legend: (Time is in decaauts)
 A = Elapsed time spent in this place.
 B = Non-inter-level travel time spent in this place.
 C = Inter-level travel time spent in this place.
 D = Time resting spent in this place.
 E = Time spent auto-exploring this place.
 F = Levels seen in this place.
 G = Mean time per level.
                   A        B        C        D        E       F      G
               +--------+--------+--------+--------+--------+-----+--------+
         Total |   1689 |   1675 |     14 |    715 |    589 |   2 |  844.5 |
       Dungeon |   1689 |   1675 |     14 |    715 |    589 |   2 |  844.5 |
               +--------+--------+--------+--------+--------+-----+--------+

Top non-repeatable levels by time:
     D:1: 891 daAuts
     D:2: 797 daAuts
